Map: Dreamcatcher LE

Players

TIME (Oliveira) - Winner!

  • Race: Terran Terran
  • Spawn Location: 5:00

HeroMarine

  • Race: Terran Terran
  • Spawn Location: 11:00

Event: WCS Montreal 2018

VOD

Have the link to the VOD?

Description

Time

  • Played on: Sept. 9, 2018, 12:19 p.m.
  • Length: 16:10

All games in this series

Show
View Real Time Build Order
Export as new Build Order

TIME Terran - Winner!

Build Orders: Bio Tank, Banshee Rush 

Get SALT Encoding   

  12  0:00  SCV  
  13  0:12  SCV  
  14  0:17  Supply Depot  
  14  0:25  SCV  
  15  0:39  SCV  
  15  0:40  Barracks  
  16  0:43  Refinery  
  16  0:51  SCV  
  17  1:03  SCV  
  18  1:15  SCV  
  19  1:27  Marine, Orbital Command  
  20  1:39  Command Center  
  20  1:45  Marine  
  21  1:53  Factory  
  21  1:57  SCV  
  22  2:06  Refinery  
  22  2:08  Supply Depot  
  22  2:10  SCV  
  23  2:23  Bunker  
  23  2:29  Marine  
  23  2:30  SCV  
  25  2:37  Hellion  
  25  2:40  Starport  
  25  2:42  SCV  
  28  2:52  Orbital Command  
  28  2:55  Barracks Tech Lab  
  28  2:57  SCV  
  29  3:05  Widow Mine  
  31  3:09  SCV  
  32  3:18  SCV  
  33  3:22  Banshee, Cloaking Field, SCV  
  37  3:30  Cyclone  
  37  3:32  SCV  
  41  3:34  SCV  
  41  3:38  Supply Depot  
  42  3:43  Barracks Reactor  
  42  3:44  SCV  
  42  3:47  SCV  
  44  3:56  SCV  
  45  4:04  SCV  
  45  4:05  Banshee  
  45  4:06  Supply Depot  
  45  4:09  SCV  
  50  4:15  Command Center  
  50  4:16  SCV  
  51  4:19  Marine x2  
  51  4:21  SCV  
  54  4:27  Factory Tech Lab  
  54  4:28  SCV  
  55  4:32  Refinery  
  55  4:33  Refinery  
  55  4:34  SCV  
  56  4:40  SCV  
  56  4:41  Engineering Bay  
  56  4:43  Engineering Bay  
  57  4:46  SCV  
  57  4:52  SCV  
  59  4:58  SCV, Barracks  
  59  4:59  Barracks, Marine  
  60  5:00  Stimpack  
  60  5:01  Starport Reactor  
  60  5:04  SCV  
  62  5:11  Terran Infantry Weapons Level 1  
  62  5:14  Supply Depot  
  62  5:19  Terran Infantry Armor Level 1  
  62  5:27  SCV x2, Siege Tank, Marine  
  68  5:32  Orbital Command  
  68  5:39  SCV  
  68  5:40  SCV  
  68  5:41  Supply Depot  
  70  5:44  Marine  
  70  5:46  Marine x2  
  70  5:48  Starport Reactor  
  73  5:50  Supply Depot  
  73  5:51  Orbital Command  
  73  5:52  Marine x2  
  73  5:54  SCV x2  
  77  5:59  Siege Tank  
  77  6:02  Marine  
  81  6:04  Marine x2  
  81  6:05  Supply Depot  
  81  6:06  SCV x2  
  81  6:10  Marine  
  81  6:11  Marine  
  86  6:14  Supply Depot  
  86  6:16  SCV  
  86  6:18  SCV x2  
  89  6:20  Marine  
  89  6:22  Marine x2  
  89  6:25  Medivac x2  
  97  6:28  SCV  
  97  6:30  SCV x2, Marine  
  101  6:33  Armory  
  101  6:36  Marine  
  101  6:37  Supply Depot  
  101  6:38  Marine  
  100  6:40  SCV  
  100  6:42  SCV x2  
  100  6:43  Marine  
  104  6:50  Marine  
  104  6:51  Marine  
  104  6:53  SCV  
  106  6:54  SCV x2  
  106  6:55  Siege Tank  
  106  6:56  Marine  
  113  7:05  SCV  
  113  7:06  SCV  
  113  7:07  SCV  
  113  7:08  Combat Shields  
  116  7:09  Marine  
  116  7:11  Barracks x2  
  116  7:15  Marine  
  116  7:17  SCV  
  116  7:19  Medivac, SCV x2  
  116  7:20  Medivac  
  116  7:21  Marine  
  113  7:26  Marine x2  
  113  7:27  Marine  
  113  7:29  SCV, Siege Tank  
  114  7:31  SCV x2  
  114  7:32  Refinery  
  114  7:33  Marine, Refinery, Supply Depot  
  114  7:35  Supply Depot  
  114  7:39  Marine  
  114  7:41  SCV  
  114  7:43  Marine  
  111  7:44  SCV, Marine  
  111  7:45  Marine  
  111  7:49  Terran Infantry Weapons Level 2  
  114  7:51  Terran Infantry Armor Level 2  
  114  7:58  Barracks Reactor  
  114  7:59  Barracks Reactor  
  114  8:00  Command Center  
  114  8:01  Terran Vehicle Weapons Level 1, Marine x2  
  114  8:03  Marine  
  114  8:05  Marine, Siege Tank  
  120  8:07  SCV  
  119  8:14  Marine  
  119  8:19  Medivac, Marine x2  
  117  8:21  SCV, Marine  
  117  8:23  SCV, Marine  
  117  8:25  SCV  
  119  8:29  Factory  
  119  8:32  Marine  
  119  8:33  SCV  
  121  8:34  Supply Depot  
  121  8:35  Supply Depot  
  121  8:37  Siege Tank, Marine x2  
  121  8:39  Marine  
  121  8:41  Marine  
  123  8:42  Marine  
  123  8:44  Marine  
  123  8:47  Viking  
  123  8:48  Marine x2  
  123  8:49  SCV, Marine, Viking  
  123  8:51  SCV  
  123  8:54  Marine x2  
  130  8:57  Marine  
  130  8:59  Marine  
  130  9:00  Marine  
  130  9:02  Marine  
  134  9:03  SCV  
  134  9:06  Marine x2  
  134  9:07  Sensor Tower, Marine  
  138  9:11  Sensor Tower  
  138  9:12  Planetary Fortress, Marine x2  
  138  9:14  Marine, Refinery, Siege Tank  
  138  9:15  Refinery  
  138  9:16  Factory Tech Lab  
  144  9:20  Viking  
  144  9:21  Viking  
  144  9:22  Marine x2  
  150  9:26  Marine x2  
  150  9:28  Marine  
  150  9:29  Marine  
  150  9:30  Marine  
  155  9:35  Marine  
  155  9:38  Siege Tank  
  159  9:39  Liberator, Marine x2  
  159  9:44  Marine x2  
  162  9:51  Starport, Marine x2  
  162  9:52  Starport  
  164  9:53  Liberator  
  164  9:55  Siege Tank  
  170  10:00  Marine x2, Supply Depot x2  
  172  10:11  Siege Tank  
  160  10:14  Marine  
  160  10:16  Marine x2  
  160  10:18  Marine x2  
  160  10:19  Marine x2  
  161  10:25  Command Center  
  161  10:27  Siege Tank  
  161  10:29  Marine  
  161  10:31  Marine  
  161  10:33  Starport Tech Lab  
  161  10:34  Starport Tech Lab, Marine x2  
  161  10:35  Marine  
  141  10:36  Marine  
  141  10:38  Marine  
  141  10:39  Medivac, Marine  
  141  10:40  Marine  
  141  10:43  Siege Tank  
  141  10:47  Marine  
  141  10:48  Terran Infantry Weapons Level 3  
  141  10:49  Marine  
  146  10:50  Terran Infantry Armor Level 3  
  146  10:53  Medivac, Terran Vehicle Weapons Level 2  
  148  11:00  Marine  
  148  11:01  Siege Tank  
  152  11:04  Marine  
  152  11:05  Marine  
  152  11:09  Marine  
  157  11:11  Corvid Reactor  
  157  11:12  Marine  
  157  11:14  Marine  
  157  11:16  Marine  
  157  11:18  Marine  
  159  11:19  Siege Tank  
  159  11:21  Marine x2  
  159  11:25  Marine  
  153  11:34  Marine, Siege Tank  
  153  11:35  Marine  
  153  11:37  Marine x2  
  153  11:39  Raven  
  146  11:41  Medivac x2  
  146  11:42  Marine  
  146  11:43  Marine x2  
  146  11:44  Marine  
  146  11:45  Marine  
  155  11:51  Siege Tank  
  155  11:53  Marine x2  
  160  11:54  Marine  
  160  11:56  Raven  
  160  11:57  Marine  
  160  12:00  Marine  
  160  12:01  Marine  
  165  12:03  Command Center  
  165  12:04  Marine x2  
  165  12:05  Refinery  
  165  12:07  Refinery  
  167  12:10  Marine  
  167  12:11  Marine  
  167  12:12  Medivac x2  
  167  12:13  Siege Tank  
  176  12:17  Marine  
  177  12:28  Marine  
  159  12:30  Marine  
  159  12:31  Siege Tank  
  159  12:32  Marine x3  
  159  12:34  Raven, Marine x2  
  157  12:37  Marine  
  157  12:38  Marine  
  147  12:45  Medivac, Siege Tank  
  147  12:46  Marine  
  147  12:47  Raven  
  147  12:48  Marine  
  147  12:50  Planetary Fortress, Marine x2  
  155  12:53  Marine  
  155  12:55  Marine  
  155  12:56  Marine x2  
  155  12:57  Medivac  
  155  12:59  Command Center  
  155  13:00  Command Center  
  155  13:03  Barracks x2  
  155  13:04  Marine x2  
  157  13:06  Marine  
  157  13:08  Barracks, Marine  
  157  13:10  Siege Tank  
  162  13:14  Marine  
  162  13:15  Marine x3  
  162  13:18  Marine  
  164  13:21  Siege Tank  
  164  13:22  Marine  
  164  13:26  Marine x2  
  170  13:27  Raven  
  170  13:34  Marine x2  
  159  13:42  Siege Tank  
  159  13:43  Marine x3  
  159  13:45  Raven  
  159  13:46  Medivac x2, Marine  
  172  13:50  Marine x2  
  172  13:53  Siege Tank  
  172  13:55  Marine  
  176  13:59  Marine  
  176  14:01  Marine  
  176  14:02  Marine x2  
  164  14:06  Barracks Reactor  
  164  14:07  Barracks Reactor x2  
  156  14:10  Planetary Fortress  
  156  14:11  Refinery  
  156  14:21  Orbital Command  
  156  14:23  Orbital Command  
  156  14:24  Marine  
  156  14:25  Command Center, Marine  
  156  14:27  Marine  
  156  14:28  Marine  
  156  14:31  Refinery  
  160  14:32  Raven x2  
  160  14:34  SCV  
  160  14:35  SCV  
  160  14:37  Marine  
  167  14:39  Marine x2  
  167  14:44  Marine  
  158  14:48  Siege Tank  
  158  14:50  Marine  
  158  14:52  Marine  
  139  14:53  Marine  
  139  14:55  Viking x2  
  139  14:58  Marine  
  139  14:59  Marine  
  138  15:00  Marine x3  
  138  15:03  Siege Tank  
  138  15:04  Marine x2  
  146  15:07  Marine  
  146  15:08  Marine  
  146  15:13  Marine x2  
  150  15:15  Raven  
  150  15:17  Raven, Marine  
  150  15:19  Marine x4  
  150  15:21  Marine  
  160  15:29  Marine  
  160  15:30  Marine x2  
  160  15:33  Viking x2  
  160  15:34  Marine x2  
  160  15:35  Siege Tank  
  172  15:36  Marine  
  172  15:39  Marine  
  169  15:43  Marine  
  169  15:44  Marine  
  169  15:46  Marine x2  
  173  15:53  Factory Tech Lab  
Show
View Real Time Build Order
Export as new Build Order

HeroMarine Terran 

Build Orders: Bio Tank 

Get SALT Encoding   

  12  0:00  SCV  
  13  0:12  SCV  
  14  0:17  Supply Depot  
  14  0:25  SCV  
  15  0:38  SCV  
  15  0:41  Barracks  
  16  0:44  Refinery  
  16  0:50  SCV  
  17  1:03  SCV  
  18  1:15  SCV  
  19  1:27  Marine  
  19  1:28  Orbital Command  
  20  1:39  Command Center  
  20  1:45  Marine  
  21  1:53  SCV  
  22  1:57  Factory  
  22  2:02  Refinery  
  22  2:03  Marine  
  23  2:09  Supply Depot  
  23  2:30  Marine  
  23  2:31  SCV  
  25  2:41  Hellion  
  25  2:43  SCV, Starport  
  28  2:48  Marine  
  29  2:51  Orbital Command  
  29  2:55  SCV  
  30  3:02  Cyclone  
  33  3:07  SCV, Barracks Tech Lab  
  33  3:11  Refinery  
  34  3:18  SCV  
  34  3:19  SCV  
  36  3:30  Raven, SCV  
  36  3:31  SCV, Marine  
  41  3:38  Supply Depot  
  41  3:42  SCV  
  41  3:43  SCV  
  41  3:46  Cyclone  
  46  3:53  Barracks Reactor  
  46  4:00  SCV x2  
  48  4:08  Supply Depot  
  48  4:12  SCV x2  
  48  4:14  Raven  
  52  4:24  SCV x2  
  52  4:29  Cyclone, Command Center  
  57  4:36  SCV x2, Marine  
  57  4:37  Marine  
  61  4:41  Supply Depot  
  61  4:45  Liberator  
  60  4:48  SCV x2  
  59  4:57  Marine x2  
  61  5:00  SCV  
  61  5:02  SCV, Supply Depot  
  61  5:03  Factory Tech Lab  
  66  5:09  Refinery  
  66  5:13  SCV  
  67  5:14  SCV, Marine  
  67  5:15  Marine  
  70  5:22  Engineering Bay  
  70  5:24  Engineering Bay  
  70  5:25  SCV  
  70  5:26  SCV  
  69  5:37  SCV  
  69  5:38  SCV  
  69  5:42  Orbital Command  
  72  5:44  Siege Tank  
  72  5:49  SCV  
  75  5:51  SCV  
  75  5:53  Stimpack  
  75  5:54  Terran Infantry Armor Level 1, Terran Infantry Weapons Level 1  
  76  6:01  SCV  
  76  6:02  Marine  
  76  6:03  SCV  
  76  6:04  Barracks  
  79  6:05  Barracks  
  79  6:06  Starport Reactor  
  79  6:09  Orbital Command  
  80  6:13  SCV  
  80  6:15  SCV  
  80  6:16  Barracks x2  
  81  6:20  Missile Turret  
  81  6:23  Missile Turret  
  81  6:24  Marine  
  82  6:25  SCV  
  82  6:27  SCV, Siege Tank  
  87  6:36  SCV  
  87  6:38  SCV  
  87  6:39  SCV  
  90  6:42  Marine  
  91  6:47  Supply Depot  
  91  6:48  SCV, Supply Depot  
  91  6:50  SCV  
  91  6:51  Starport Reactor, SCV  
  91  6:59  Marine x2  
  93  7:01  SCV  
  93  7:02  Supply Depot  
  93  7:08  Marine x3  
  93  7:09  SCV x2, Barracks Reactor x2, Siege Tank, Supply Depot  
  93  7:12  Supply Depot  
  93  7:13  Supply Depot  
  93  7:14  SCV  
  102  7:20  Sensor Tower  
  102  7:21  SCV x2, Marine x2  
  104  7:22  Orbital Command  
  104  7:26  SCV, Marine x3  
  98  7:33  SCV x2  
  99  7:39  Marine x2  
  99  7:42  Refinery  
  99  7:43  Refinery  
  101  7:44  Sensor Tower, Marine x3  
  101  7:45  SCV x2, Marine  
  101  7:47  Marine x2  
  101  7:48  Medivac x2  
  113  7:51  Marine  
  113  7:56  Marine  
  113  7:57  SCV x2, Combat Shields, Marine  
  118  7:59  Armory  
  118  8:01  Siege Tank  
  118  8:02  Marine  
  122  8:05  Marine  
  122  8:06  Marine  
  122  8:07  Marine x2  
  122  8:11  Marine x2  
  123  8:14  SCV x3, Marine x2  
  123  8:18  Medivac  
  115  8:20  Marine  
  115  8:21  Medivac  
  115  8:23  Marine x2  
  115  8:25  Marine x2  
  115  8:26  SCV  
  119  8:29  Marine x2  
  119  8:32  Marine x2  
  123  8:37  Marine  
  123  8:39  Siege Tank  
  120  8:41  Marine x2  
  120  8:43  Marine x2  
  120  8:47  Marine x2  
  120  8:48  Medivac  
  123  8:50  Marine x2  
  123  8:52  Terran Infantry Weapons Level 2  
  123  8:54  Terran Infantry Armor Level 2  
  125  8:55  Marine  
  125  8:59  Terran Vehicle Weapons Level 1, Marine x2  
  125  9:01  Marine x2  
  130  9:05  Marine x2  
  130  9:08  Factory  
  130  9:09  Supply Depot  
  132  9:10  Supply Depot  
  132  9:11  Siege Tank  
  132  9:16  Marine x2  
  137  9:18  Marine x3  
  137  9:19  Marine  
  137  9:21  Supply Depot  
  141  9:31  Medivac x2, Marine x3  
  145  9:37  Marine x3  
  151  9:41  Marine x3  
  151  9:44  Siege Tank  
  154  9:49  Marine x3  
  157  9:55  Marine x3  
  157  9:59  Marine x3  
  162  10:01  Viking  
  162  10:07  Marine  
  164  10:08  Marine, Supply Depot  
  164  10:10  Marine, Viking  
  164  10:11  Supply Depot  
  164  10:13  Marine  
  150  10:18  Siege Tank  
  150  10:19  Marine x2  
  150  10:20  Marine x2  
  136  10:21  SCV x2  
  136  10:22  Marine  
  136  10:24  Marine  
  136  10:26  Marine  
  136  10:28  Marine  
  131  10:31  Marine  
  131  10:35  SCV x2  
  120  10:37  Marine x2  
  120  10:38  Marine x2  
  120  10:42  Marine  
  124  10:43  Marine  
  124  10:46  Marine  
  124  10:48  Marine  
  126  10:50  Siege Tank  
  126  10:54  Viking x2  
  126  10:55  Barracks Reactor, Siege Tank, Marine x2  
  138  11:01  Marine x3  
  140  11:07  Marine  
  140  11:08  Marine  
  142  11:17  Marine x2  
  144  11:20  Marine x2  
  144  11:21  Marine  
  144  11:22  Siege Tank, Marine  
  148  11:27  Liberator, Siege Tank, Marine x2  
  148  11:28  Liberator  
  145  11:34  Marine x2  
  145  11:35  Marine x2  
  145  11:38  Marine x2  
  145  11:39  Marine  
  125  11:41  Marine  
  125  11:44  Marine  
  134  11:52  Marine x2  
  134  11:53  Marine x2  
  134  11:54  Terran Infantry Weapons Level 3  
  137  11:55  Terran Infantry Armor Level 3, Siege Tank  
  137  11:59  Siege Tank, Marine x2  
  137  12:01  Sensor Tower  
  145  12:03  Marine x3  
  145  12:04  Marine  
  149  12:10  Marine x3  
  152  12:17  Terran Vehicle Weapons Level 2  
  149  12:24  Marine  
  149  12:25  Marine x2  
  149  12:26  Marine x3  
  149  12:27  Marine, Viking  
  149  12:28  Marine, Viking  
  123  12:31  Marine  
  123  12:35  Orbital Command  
  123  12:36  Marine  
  112  12:42  Marine x2  
  112  12:43  Marine  
  110  12:45  Marine  
  110  12:48  Marine  
  110  12:49  Marine x2  
  113  12:53  Marine x2  
  113  12:57  Marine  
  115  13:00  Marine  
  115  13:05  Sensor Tower, Marine  
  117  13:09  Marine x3  
  120  13:15  Marine x2  
  120  13:16  Marine x2  
  120  13:17  Marine  
  122  13:20  Marine  
  122  13:23  Marine  
  123  13:27  Marine x2  
  123  13:30  Marine  
  123  13:33  Marine  
  123  13:34  Marine  
  117  13:37  Marine x3  
  117  13:43  Marine x2  
  117  13:45  Marine x2  
  122  13:50  Marine  
  122  13:51  Marine  
  122  13:54  Marine  
  122  14:00  Marine x3  
  122  14:01  Marine  
  101  14:03  Marine x2  
  101  14:08  Marine, Siege Tank x2  
  107  14:11  Marine  
  107  14:12  Marine  
  109  14:18  Marine x3  
  109  14:19  Marine  
  109  14:21  Marine x2  
  115  14:26  Marine  
  115  14:29  Marine x2  
  118  14:36  Marine x2, Viking x2  
  118  14:37  Marine  
  118  14:38  Marine  
  126  14:43  Marine  
  126  14:44  Marine x2  
  119  14:47  Marine x2  
  98  14:54  Marine x2  
  98  14:55  Marine  
  94  15:02  Marine x3  
  94  15:03  Marine  
  94  15:05  Marine  
  94  15:06  Siege Tank, Marine  
  103  15:12  Siege Tank  
  103  15:13  Marine x2  
  108  15:17  Marine  
  108  15:19  Marine  
  110  15:21  Marine  
  110  15:22  Marine  
  110  15:23  Marine x2  
  114  15:34  Marine x2  
  111  15:36  Marine x2  
  111  15:38  Marine  
  111  15:39  Marine  
  116  15:42  Marine  
  116  15:44  Marine  
  116  15:46  Marine  
  119  15:51  Marine  
Tags
 
Add a new tag
Caveats
  • Supply blocks, unpowered buildings, or Contaminate may cause inaccurate times.
  • Supply counts are checked every 10 seconds.